 Dungeon Crawl Stone Soup version 0.17.1-3-g152610e (webtiles) character file.

134 Keyn the Skirmisher (level 4, -1/35 HPs)
             Began as a Demonspawn Abyssal Knight on Apr 23, 2016.
             Was a Follower of Lugonu.
             Slain by Sigmund
             ... wielding a +0 scythe
              (4 damage)
             ... on level 4 of the Dungeon.
             The game lasted 00:14:08 (3010 turns).

Keyn the Skirmisher (Demonspawn Abyssal Knight)     Turns: 3010, Time: 00:14:08

Health: -1/35      AC: 13    Str: 13    XL:     4   Next: 95%
Magic:  6/6        EV: 11    Int: 14    God:    Lugonu [*.....]
Gold:   159        SH:  0    Dex: 11    Spells: 0 memorised, 3 levels left

rFire  . . .     SeeInvis .     m - +2 mace (protect)
rCold  . . .     Clarity  .     b - +1 leather armour
rNeg   . . .     SustAt   .     (no shield)
rPois  .         Gourm    .     (helmet restricted)
rElec  .         Spirit   .     (no cloak)
rCorr  .         Warding  .     (no gloves)
rMut   .         Stasis   .     (no boots)
MR     .....                    (no amulet)
Stlth  +.........               (no ring)
                                (no ring)

@: hasted, very quick, not resistant to hostile enchantments, very unstealthy
A: horns 1, rough black scales 1, demonic guardian 1
a: Depart the Abyss, Renounce Religion


You were on level 4 of the Dungeon.
You worshipped Lugonu.
Lugonu was aware of your devotion.
You were very full.

You visited 1 branch of the dungeon, and saw 4 of its levels.
You visited the Abyss 1 time.

You collected 159 gold pieces.

Inventory:

Hand Weapons
 a - a +2 spear
 g - a cursed -3 dagger
 i - a +2 dagger of venom
 m - a +2 mace of protection (weapon)
Armour
 b - a +1 leather armour (worn)
 f - a +0 cloak
 l - a +0 pair of boots
 o - a +0 ring mail
Scrolls
 d - a scroll of magic mapping
 e - a scroll of remove curse
 h - 3 scrolls of enchant armour
Potions
 p - a potion of curing {unknown}
Comestibles
 j - a slice of pizza
 k - 3 bread rations
 n - a meat ration


   Skills:
 + Level 3.5 Fighting
 + Level 0.8 Maces & Flails
 - Level 2.1 Polearms
 + Level 2.6 Armour
 + Level 1.6 Dodging
 + Level 1.6 Stealth
 + Level 3.4 Invocations


You had 3 spell levels left.
You didn't know any spells.

Dungeon Overview and Level Annotations

Branches:
Dungeon (4/15)             Temple (0/1) D:4

Altars:
Ashenzari
Elyvilon

Annotations:
D:4 Sigmund


Innate Abilities, Weirdness & Mutations

You have a pair of small horns on your head.
You are partially covered in rough black scales (AC +4, Dex -1).
A weak demonic guardian rushes to your aid.


Message History

Lugonu accepts your kill.
You have reached level 4!
You feel clever.
Your demonic ancestry asserts itself...
You feel the presence of a demonic guardian.
Something hits you.
You hear a zap.
A puff of flame appears from out of thin air!
The puff of flame misses you.
Things that are here:
a giant club; 7 stones; an ogre corpse You hear some strange, mumbled words.
A puff of flame appears from out of thin air!
The puff of flame hits you!
You hear a zap.
A puff of flame appears from out of thin air!
The puff of flame hits you!
* * * LOW HITPOINT WARNING * * *
Drink which item? (? for menu, Esc to quit)
It was a potion of haste.
You feel yourself speed up. Something hits you.
You die...

########.#.....###.......
####....# ##...... ###.##
#.>..._ ### #...... ##..#..
#..### #..### #######
###..... ###{@.).# #...#...
##...###'### #.)#####
#..###.....# #..# # #
###...##.⌠.⌠.####..#
#..#......O..>..'.##..#
#.........#.⌠.⌠.#.##..# ##
#......@...#.....#.##..##...
#....####..###+###..#.......
..@... ##...# #.......###


There were no monsters in sight!

Vanquished Creatures
  An ogre (D:4)
  An adder (D:2)
  2 worms
  2 giant cockroaches (D:2)
  4 hobgoblins
  5 kobolds
  11 bats
  2 giant newts (D:1)
  2 goblins
  2 quokkas (D:3)
  11 rats
43 creatures vanquished.

Notes
Turn   | Place    | Note
--------------------------------------------------------------
     0 | Abyss:1  | Keyn the Demonspawn Abyssal Knight began the quest for the Orb.
     0 | Abyss:1  | Reached XP level 1. HP: 18/18 MP: 2/2
    24 | Abyss:1  | Found a roughly hewn altar of Beogh.
    96 | Abyss:1  | Found a corrupted altar of Lugonu.
   213 | Abyss:1  | Noticed a wretched star
   213 | D:1      | Escaped the Abyss
   852 | D:1      | Gained mutation: You have a pair of small horns on your head. [demonic ancestry]
   852 | D:1      | Reached XP level 2. HP: 21/24 MP: 3/3
  1054 | D:1      | Reached * piety under Lugonu
  1139 | D:1      | Reached skill level 1 in Dodging
  1725 | D:2      | Gained mutation: You are partially covered in rough black scales (AC +4, Dex -1). [demonic ancestry]
  1725 | D:2      | Reached XP level 3. HP: 15/29 MP: 5/5
  2162 | D:2      | Reached skill level 1 in Stealth
  2840 | D:4      | Found a white marble altar of Elyvilon.
  2840 | D:4      | Found a shattered altar of Ashenzari.
  2971 | D:4      | Found a staircase to the Ecumenical Temple.
  2984 | D:4      | Noticed Sigmund
  2984 | D:4      | Noticed an ogre
  3006 | D:4      | Killed an ogre
  3006 | D:4      | Gained mutation: A weak demonic guardian rushes to your aid. [demonic ancestry]
  3006 | D:4      | Reached XP level 4. HP: 20/35 MP: 6/6
  3010 | D:4      | Slain by Sigmund

Action                   |  1- 3 |  4- 6 || total
-------------------------+-------+-------++-------
Melee: Spear             |   119 |       ||   119
       Mace              |    31 |       ||    31
Invok: Depart the Abyss  |     1 |       ||     1
  Use: Scroll            |     7 |       ||     7
       Potion            |     3 |     1 ||     4
  Eat: Bread ration      |     2 |       ||     2
       Meat ration       |     1 |       ||     1
